 Dungeon Crawl Stone Soup version 0.23.2-1-ga50397a (webtiles) character file.

Game seed: 5115524755763444385

311556 Aske the Warrior (level 21, -3/191 (192) HPs)
             Began as a Ghoul Monk on May 8, 2019.
             Was the Champion of Ashenzari.
             Slain by a Brimstone Fiend (8 damage)
             ... summoned by a deep elf demonologist
             ... led by an ironheart preserver
             ... on level 3 of the Vaults.
             The game lasted 02:57:13 (47819 turns).

Aske the Warrior (Ghoul Monk)                      Turns: 47819, Time: 02:57:14

HP:   -3/191 (192)  AC: 24    Str: 28    XL:     21   Next: 28%
MP:   26/26         EV: 19    Int:  5    God:    Ashenzari [******]
Gold: 4024          SH: 11    Dex: 18    Spells: 18/28 levels left

rFire    + . .     SeeInvis +   n - +3 eveningstar (elec)
rCold    + + .     Gourm    .   f - +0 shield {reflect}
rNeg     + + +     Faith    .   J - +1 chain mail {MR+}
rPois    ∞         Spirit   .   Z - +2 helmet
rElec    +         Reflect  +   T - scarf {cloud immunity}
rCorr    +         Harm     .   p - +2 pair of gloves
MR       +++..     Clarity  +   u - +1 pair of boots
Stlth    ++........             k - amulet of regeneration
HPRegen  0.00/turn              E - ring of protection from magic
MPRegen  0.20/turn              A - ring of Nujysk {Wiz Str+5}

@: mighty, resistant, rotting
A: rotting body, claws 1, carnivore, cold resistance 1, negative energy
resistance 3, inhibited regeneration, torment resistance, unbreathing
}: 2/15 runes: barnacled, gossamer
a: Curse Item, Scrying, Transfer Knowledge, Renounce Religion


You were on level 3 of the Vaults.
You worshipped Ashenzari.
Ashenzari was exalted by your worship.
You were not hungry.

You visited 8 branches of the dungeon, and saw 38 of its levels.
You visited the Abyss 3 times.
You also visited: Bailey, Gauntlet and Ice Cave.

You collected 4596 gold pieces.
You spent 572 gold pieces at shops.

Inventory:

Hand Weapons
 n - a +3 eveningstar of electrocution (weapon)
Missiles
 h - 53 tomahawks
 v - 11 throwing nets (quivered)
Armour
 f - a +0 shield of reflection (worn)
 p - a +2 pair of gloves (worn)
 r - +0 storm dragon scales
 u - a +1 pair of boots (worn)
 C - +0 fire dragon scales
 J - a +1 chain mail of magic resistance (worn)
 S - a +2 plate armour of fire resistance
 T - a scarf of cloud immunity (worn)
 X - +0 acid dragon scales
 Z - a +2 helmet (worn)
Jewellery
 e - an uncursed ring of protection from cold
 k - an amulet of regeneration (around neck)
 A - the ring of Nujysk (right hand) {Wiz Str+5}
   (You found it in a Gauntlet)

   [ring of wizardry]

   It improves your spell success rate.
   It affects your strength (+5).
 B - an uncursed ring of flight
 E - a ring of protection from magic (left hand)
Wands
 q - a wand of clouds (4)
 w - a wand of digging (10)
 F - a wand of disintegration (53)
 H - a wand of paralysis (20)
 P - a wand of iceblast (19)
Scrolls
 a - 3 scrolls of silence
 d - 6 scrolls of fog
 j - a scroll of torment
 l - 18 scrolls of identify
 m - 4 scrolls of blinking
 z - 16 scrolls of remove curse
 I - 2 scrolls of fear
 R - 4 scrolls of summoning
Potions
 i - a potion of resistance
 t - 2 potions of haste
 L - a potion of flight
 M - 15 potions of curing
 N - 8 potions of ambrosia
 Y - 2 potions of invisibility
Comestibles
 c - 80 rations


   Skills:
 * Level 17.6 Fighting
 * Level 16.3 Maces & Flails
 + Level 14.3 Armour
 * Level 17.5 Dodging
 - Level 10.0 Stealth
 + Level 4.0 Shields
 + Level 4.3 Spellcasting
 + Level 6.3 Hexes
 + Level 7.2 Evocations


You had 18 spell levels left.
You knew the following spells:

 Your Spells              Type           Power        Failure   Level  Hunger
a - Confusing Touch       Hex            #.....       16%         1    ##.....
b - Confuse               Hex            #.......     41%         3    ####...
c - Invisibility          Hex            #.......     100%        6    #######

Your spell library contained the following spells:

 Spells                   Type           Power        Failure   Level  Hunger
 Corona                   Hex            #......      16%         1    ##.....
 Slow                     Hex            #.......     22%         2    ###....
 Tukima's Dance           Hex            #.......     41%         3    ####...
 Ensorcelled Hibernation  Hex/Ice        #.....       61%         2    ###....
 Cause Fear               Hex            #.........   80%         4    #####..
 Dazzling Spray           Conj/Hex       #.....       82%         3    ####...
 Inner Flame              Hex/Fire       #.......     82%         3    ####...
 Portal Projectile        Hex/Tloc       #.....       82%         3    ####...
 Summon Guardian Golem    Hex/Summ       #.......     82%         3    ####...
 Apportation              Tloc           #.....       87%         1    ##.....
 Flame Tongue             Conj/Fire      #....        87%         1    ##.....
 Freeze                   Ice            #...         87%         1    ##.....
 Sandblast                Erth           #.....       87%         1    ##.....
 Summon Butterflies       Summ           #.......     87%         1    ##.....
 Summon Small Mammal      Summ           #...         87%         1    ##.....
 Call Imp                 Summ           #.......     95%         2    ###....
 Corpse Rot               Necr           N/A          95%         2    ###....
 Passwall                 Tmut/Erth      #.......     95%         2    ###....
 Poisonous Vapours        Pois/Air       #.....       95%         2    ###....
 Throw Flame              Conj/Fire      #.....       95%         2    ###....
 Throw Frost              Conj/Ice       #.....       95%         2    ###....
 Call Canine Familiar     Summ           #.......     99%         3    ####...
 Conjure Flame            Conj/Fire      #.......     99%         3    ####...
 Gell's Gravitas          Tloc           #.........   99%         3    ####...
 Lesser Beckoning         Tloc           #.........   99%         3    ####...
 Mephitic Cloud           Conj/Pois/Air  #.......     99%         3    ####...
 Ozocubu's Armour         Chrm/Ice       #.......     99%         3    ####...
 Stone Arrow              Conj/Erth      #.....       99%         3    ####...
 Leda's Liquefaction      Hex/Erth       #.........   99%         4    #####..
 Petrify                  Tmut/Erth      #.......     100%        4    #####..
 Sticky Flame             Conj/Fire      #.......     100%        4    #####..
 Summon Ice Beast         Ice/Summ       #.......     100%        4    #####..
 Summon Lightning Spire   Summ/Air       #.......     100%        4    #####..
 Throw Icicle             Conj/Ice       #.......     100%        4    #####..
 Alistair's Intoxication  Tmut/Pois      #.......     100%        5    ######.
 Bolt of Magma            Conj/Fire/Erth #.........   100%        5    ######.
 Fireball                 Conj/Fire      #.........   100%        5    ######.
 Lee's Rapid Deconstruct  Erth           #.........   100%        5    ######.
 Metabolic Englaciation   Hex/Ice        #.........   100%        5    ######.
 Silence                  Hex/Air        #.........   100%        5    ######.
 Summon Forest            Summ/Tloc      #.........   100%        5    ######.
 Summon Mana Viper        Hex/Summ       #.......     100%        5    ######.
 Yara's Violent Unravell  Hex/Tmut       #.........   100%        5    ######.
 Deflect Missiles         Chrm/Air       #.........   100%        6    #######
 Freezing Cloud           Conj/Ice/Air   #.........   100%        6    #######
 Ring of Flames           Chrm/Fire      #.........   100%        7    #######
 Summon Hydra             Summ           #.........   100%        7    #######
 Discord                  Hex            #.........   100%        8    #######
 Shatter                  Erth           #.........   100%        9    #######
 Hydra Form               Tmut           Unusable     N/A         6    N/A

Dungeon Overview and Level Annotations

Branches:
Dungeon (15/15)            Temple (1/1) D:5            Lair (6/6) D:8
 Shoals (4/4) Lair:4       Spider (4/4) Lair:4        Slime (0/5) Lair:6
    Orc (2/2) D:10            Elf (2/3) Orc:2        Vaults (4/5) D:14
  Crypt (0/3) Vaults:3     Depths (0/5) D:15

Altars:
Ashenzari
Cheibriados
Dithmenos
Elyvilon
Fedhas
Gozag
Hepliaklqana
Kikubaaqudgha
Makhleb
Nemelex Xobeh
Okawaru
Qazlal
Ru
Sif Muna
Trog
Uskayaw
Vehumet
Wu Jian
Xom
Yredelemnul
Zin
The Shining One
Beogh
Jiyva

Shops:
D:11 %   Orc:2 =(}(   Elf:2 %   Vaults:2 !   Vaults:3 [:}


Innate Abilities, Weirdness & Mutations

Your body is rotting away.
You thrive on raw meat.
You are immune to poison.
You have sharp fingernails.
You are carnivorous and can eat meat at any time.
Your flesh is cold resistant. (rC+)
You are immune to negative energy. (rN+++)
You do not regenerate when monsters are visible.
You are immune to unholy pain and torment.
You can survive without breathing.


Message History

The Brimstone Fiend hits you but does no damage. x2
You block the Brimstone Fiend's attack. x2
The Brimstone Fiend hits you but does no damage.
You impale the deep elf demonologist!!
The deep elf demonologist is heavily wounded.
The deep elf demonologist hits you but does no damage.
The Brimstone Fiend hits you.
* * * LOW HITPOINT WARNING * * *
The Brimstone Fiend hits you but does no damage.
The Brimstone Fiend completely misses you.
You impale the deep elf demonologist!!
The deep elf demonologist is almost dead.
The Tzitzimitl engulfs you.
* * * LOW HITPOINT WARNING * * *
The Tzitzimitl closely misses you.
You closely miss the deep elf demonologist.
The deep elf demonologist is almost dead.
The ironheart preserver seems to regain its courage.
The deep elf demonologist misses you. The Brimstone Fiend hits you!
You die...

'#######.......#
,, ,,*
.......#.......# ,
, *
.......#.......#,
,,*
.......'...*...#,
,
.......#....§.)#*
** *
.......#######4###
.......# ##1.4##
.......# ##..1e.##
.......#
##e..1@..##
.......#
##..##'##..##
.......#
#...#...#°.p#
.......#
#...#...#.○.#
.......#
#...#...#...#
.......#
##..#####..##
..:....#
##.......##
.......# ##.....##
#....^.# ##...##


You could see an ironheart preserver, 2 Tzitzimimeh, a Brimstone Fiend, a deep
elf death mage (fleeing), a deep elf demonologist, an ice devil and a chaos
spawn.

Vanquished Creatures
  Arachne (Spider:3)
  Jorgrun (D:15)
  A lich (Vaults:2)
  Rupert (D:15)
  A deep elf master archer (Elf:2)
  Gastronok (D:9)
  Kirke (Shoals:3)
  Agnes (D:14)
  A storm dragon (Vaults:1)
  Donald (Spider:2)
  A frost giant (Shoals:4)
  2 deep elf sorcerers
  7 ghost moths (Spider:4)
  5 emperor scorpions
  3 vault wardens
  A curse skull (Vaults:2)
  7 ironheart preservers
  7 stone giants
  3 very ugly things
  5 entropy weavers
  A vampire knight (D:13)
  A deep elf demonologist (Vaults:1)
  2 spark wasps
  The ghost of dengdeng the Cleaver, a journeyman MiBe of Trog (D:13)
  A minotaur (Gauntlet)
  4 merfolk javelineers
  A deep elf high priest (Elf:1)
  9 merfolk impalers
  An eidolon (Vaults:3)
  A deep elf death mage (Vaults:3)
  3 yaktaur captains
  5 fire dragons
  2 great orbs of eyes
  2 rakshasas
  12 hydras
  3 vault guards
  6 merfolk aquamancers (Shoals:4)
  An alligator snapping turtle (Shoals:4)
  3 ice dragons
  21 two-headed ogres
  6 centaur warriors
  A death knight (Vaults:3)
  4 merfolk avatars
  An alligator (Lair:6)
  3 death yaks (Lair:6)
  5 dancing weapons
  A hell hog (Gauntlet)
  A queen ant (Spider:2)
  3 deep troll earth magi (Vaults:1)
  A queen ant (shapeshifter) (D:15)
  9 ogre magi
  2 thrashing horrors (Abyss:3)
  10 deep elf knights
  A vampire mage (Vaults:3)
  A titan skeleton (Abyss:3)
  17 slime creatures
  7 skeletal warriors
  A fire crab (Lair:6)
  A shadow wraith (Vaults:2)
  4 wizards
  5 unseen horrors
  15 sea snakes
  A deep troll (Vaults:1)
  A glowing orange brain (Vaults:2)
  10 deep elf archers
  16 orc knights
  9 ironbrand convokers
  A lindwurm (shapeshifter) (D:15)
  An orb spider (shapeshifter) (Vaults:3)
  21 harpies
  3 necromancers (D:14)
  7 oklob plants (Lair:4)
  37 deep elf magi
  2 orc sorcerers
  11 orb spiders
  8 cyclopes
  14 ugly things
  9 fauns
  11 merfolk sirens
  26 wolf spiders
  9 black mambas
  A spectral centaur (D:13)
  10 manticores
  A moth of wrath (Spider:4)
  10 elephants
  Joseph (D:9)
  10 vault sentinels
  2 ice statues (IceCv)
  3 water nymphs
  3 molten gargoyles (Lair:6)
  2 torpor snails
  18 yaktaurs
  A komodo dragon (shapeshifter) (D:15)
  A minotaur zombie (Gauntlet)
  A rime drake (shapeshifter) (Vaults:1)
  7 spiny frogs
  2 rime drakes
  10 komodo dragons
  5 freezing wraiths
  9 demonic crawlers
  2 tengu conjurers (D:14)
  11 trolls
  A queen bee (D:14)
  36 jumping spiders
  A meliai (shapeshifter) (D:15)
  4 wind drakes
  3 meliai (D:14)
  8 hornets
  32 merfolk
  A wind drake (shapeshifter) (Vaults:3)
  8 blink frogs
  9 dream sheep
  10 snapping turtles
  8 hippogriffs
  A meliai zombie (D:14)
  A centaur simulacrum (D:13)
  An air elemental (Elf:1)
  31 tarantellas
  A spriggan (D:8)
  2 shadows
  A vampire (D:14)
  86 redbacks
  6 water elementals
  4 fire bats (Gauntlet)
  11 wyverns
  2 wraiths
  Sigmund (D:3)
  27 yaks
  A fire elemental (Elf:1)
  18 humans (D:14)
  7 basilisks
  5 hungry ghosts
  2 steam dragons (Lair:6)
  4 vampire mosquitoes (D:13)
  25 soldier ants
  A large abomination (Abyss:3)
  8 wargs
  8 acid dragons
  6 water moccasins
  Duvessa (D:5)
  13 porcupines
  5 hell hounds
  34 orc warriors
  A meliai simulacrum (D:13)
  19 ice beasts
  4 sky beasts
  2 black bears
  37 ogres
  4 phantoms
  A sky beast (shapeshifter) (Vaults:2)
  An ettin simulacrum (Vaults:1)
  An eye of draining (shapeshifter) (Vaults:1)
  2 eyes of draining
  20 wolves
  4 boggarts (D:15)
  9 centaurs
  20 crocodiles
  6 big kobolds
  A bullfrog (shapeshifter) (Vaults:2)
  Blork the orc (D:6)
  21 bullfrogs
  A water moccasin zombie (D:8)
  2 earth elementals
  2 wyvern zombies
  Dowan (D:5)
  6 scorpions
  30 killer bees
  16 wights
  An electric eel (Spider:2)
  2 centaur zombies
  5 crimson imps
  4 hounds
  5 lava snakes (Lair:6)
  19 orc priests
  2 jellies
  17 orc wizards
  5 centaur skeletons
  Jessica (D:2)
  2 bullfrog skeletons
  2 iguanas
  21 worker ants
  2 hound skeletons
  A worker ant zombie (D:11)
  A howler monkey zombie (D:7)
  15 gnolls
  13 adders
  4 shadow imps
  A white imp (Gauntlet)
  An ooze (D:2)
  An adder zombie (D:6)
  4 worms
  8 leopard geckos
  82 orcs
  3 ball pythons
  5 giant cockroaches
  15 hobgoblins
  12 jackals
  45 kobolds
  6 quokkas
  3 bats
  5 frilled lizards
  10 goblins
  A quokka skeleton (D:6)
  9 rats
  A bush (D:4)
  2 crawling corpses (Vaults:3)
  A fungus (Lair:5)
  2 plants
1522 creatures vanquished.

Vanquished Creatures (others)
  A deep elf knight (Vaults:2)
  An unseen horror (Vaults:1)
  A deep elf archer (Vaults:2)
  A demonic crawler (Spider:1)
  A hippogriff (Lair:6)
  An orc warrior (Vaults:2)
  An ogre (Vaults:1)
  A bush (D:8)
  5 fungi
  17 plants
30 creatures vanquished.

Grand Total: 1552 creatures vanquished

Notes
Turn   | Place    | Note
-------+----------+-------------------------------------------
     0 | D:1      | Aske the Ghoul Monk began the quest for the Orb.
     0 | D:1      | Reached XP level 1. HP: 19/19 MP: 0/0
   388 | D:1      | Reached XP level 2. HP: 21/26 MP: 1/1
  1060 | D:1      | Reached skill level 1 in Armour
  1060 | D:1      | Reached XP level 3. HP: 12/30 MP: 2/2
  1385 | D:2      | Found an opulent altar of Gozag.
  1387 | D:2      | Found an ancient bone altar of Kikubaaqudgha.
  1536 | D:2      | Reached XP level 4. HP: 38/38 MP: 3/3
  1551 | D:2      | Noticed Jessica
  1555 | D:2      | Killed Jessica
  1639 | D:2      | Noticed a bullfrog
  1644 | D:2      | Killed a bullfrog
  1644 | D:2      | Reached XP level 5. HP: 34/45 MP: 4/4
  2234 | D:3      | Noticed Sigmund
  2267 | D:3      | Killed Sigmund
  2267 | D:3      | Reached XP level 6. HP: 28/51 MP: 5/5
  2984 | D:4      | Found a blossoming altar of Fedhas.
  3171 | D:4      | Reached XP level 7. HP: 54/57 MP: 6/6
  3633 | D:5      | Entered Level 5 of the Dungeon
  3745 | D:5      | You fall through a shaft for 3 floors!
  3746 | D:8      | Noticed a hippogriff
  3784 | D:9      | Reached skill level 5 in Stealth
  3830 | D:8      | Noticed a wyvern
  3842 | D:8      | Killed a wyvern
  3842 | D:8      | Reached XP level 8. HP: 27/63 MP: 7/7
  3855 | D:8      | Reached skill level 5 in Maces & Flails
  3928 | D:8      | Reached skill level 5 in Dodging
  4525 | D:5      | Found a staircase to the Ecumenical Temple.
  4525 | D:5      | Noticed Duvessa
  4525 | D:5      | Noticed Dowan
  4535 | D:5      | Killed Duvessa
  4535 | D:5      | Reached XP level 9. HP: 54/72 MP: 8/8
  4539 | D:5      | Killed Dowan
  4550 | Temple   | Entered the Ecumenical Temple
  4699 | Temple   | Became a worshipper of Ashenzari the Shackled
  4699 | Temple   | Reached * piety under Ashenzari
  4699 | Temple   | Reached ** piety under Ashenzari
  5562 | D:6      | Noticed Blork the orc
  5570 | D:6      | Killed Blork the orc
  5607 | D:6      | Reached skill level 5 in Fighting
  6085 | D:7      | Reached skill level 5 in Armour
  6654 | D:8      | Reached XP level 10. HP: 10/83 MP: 9/9
  6675 | D:8      | HP: 1/82 [wight/+5 dagger (5)]
  7181 | D:8      | Found a staircase to the Lair.
  7296 | D:8      | Noticed a two-headed ogre
  7296 | D:8      | Noticed a two-headed ogre
  7610 | D:8      | Killed a two-headed ogre
  7778 | D:8      | Killed a two-headed ogre
  8062 | D:9      | Identified the +3 robe "Zeehiraw" {+Inv rN+ Stlth+}
  8248 | D:9      | Noticed Gastronok
  8456 | D:9      | Reached XP level 11. HP: 92/92 MP: 10/10
  8599 | D:9      | Found a white marble altar of Elyvilon.
  8650 | D:9      | Killed Gastronok
  8751 | D:9      | Noticed Joseph
  8781 | D:9      | Killed Joseph
  8919 | D:9      | Found a glowing silver altar of Zin.
  8919 | D:9      | Reached *** piety under Ashenzari
  9004 | D:10     | Entered Level 10 of the Dungeon
  9247 | D:10     | Found a staircase to the Orcish Mines.
  9312 | D:10     | Identified the +5 rapier of Arrival {speed, Str+4}
  9793 | D:11     | Found a frozen archway.
  9907 | IceCv    | Entered an ice cave
  9907 | IceCv    | Noticed a white ugly thing
  9909 | IceCv    | Found a transporter.
  9918 | IceCv    | Killed a white ugly thing
  9991 | IceCv    | Noticed a white ugly thing
 10002 | IceCv    | Killed a white ugly thing
 10007 | IceCv    | Found a transporter.
 10186 | IceCv    | Reached skill level 10 in Maces & Flails
 10307 | IceCv    | HP: 4/95 [ice statue] (4)]
 10473 | IceCv    | Reached XP level 12. HP: 103/103 MP: 11/11
 10778 | D:11     | Found Ydytotre's Food Shop.
 12370 | D:12     | Reached **** piety under Ashenzari
 12728 | D:13     | Reached skill level 10 in Fighting
 12792 | D:13     | Found a gate leading to a gauntlet.
 12849 | Gauntlet | Entered a Gauntlet
 12849 | Gauntlet | Found a transporter.
 12849 | Gauntlet | Found a transporter.
 12849 | Gauntlet | Found a transporter.
 12853 | Gauntlet | Found a transporter.
 12855 | Gauntlet | Found a transporter.
 12863 | Gauntlet | Found a transporter.
 12867 | Gauntlet | Found a transporter.
 12877 | Gauntlet | Noticed a death scarab
 12878 | Gauntlet | Identified the ring of Nujysk {Wiz Str+5}
 12879 | Gauntlet | Found a transporter.
 12879 | Gauntlet | Noticed a hell hog
 12887 | Gauntlet | Identified the +2 hand crossbow "Awaufoth" {freeze, rElec
                  | rF+ Str+3 Int+4}
 12967 | Gauntlet | Found a transporter.
 12977 | Gauntlet | Found a transporter.
 12981 | Gauntlet | Found a transporter.
 12991 | Gauntlet | Noticed a death scarab
 12996 | Gauntlet | Found a transporter.
 13014 | Gauntlet | Identified the ring "Nofen" {rC+ Int+5}
 13176 | Gauntlet | Killed a hell hog
 13178 | Gauntlet | Reached XP level 13. HP: 68/113 MP: 12/12
 13243 | Gauntlet | Noticed a minotaur
 13281 | Gauntlet | Killed a minotaur
 13643 | Lair:1   | Entered Level 1 of the Lair of Beasts
 13933 | Lair:1   | Reached skill level 10 in Dodging
 14503 | Lair:2   | Reached ***** piety under Ashenzari
 15649 | Lair:3   | Reached skill level 10 in Armour
 16160 | Lair:3   | Identified the +4 fustibalus "Exzatar" {flame, *Slow rElec
                  | Str+3 Int+2}
 16888 | D:13     | Identified a scroll of acquirement
 16971 | D:13     | Found a transporter.
 16971 | D:13     | Noticed a vampire knight
 16980 | D:13     | Noticed dengdeng's ghost (journeyman MiBe)
 16981 | D:13     | Found a transporter.
 17289 | D:13     | Found an ancient bone altar of Kikubaaqudgha.
 17463 | D:14     | Reached skill level 1 in Evocations
 17512 | D:14     | Reached XP level 14. HP: 123/123 MP: 13/13
 17821 | D:14     | Noticed Agnes
 17849 | D:14     | Killed Agnes
 17893 | D:14     | Found a flagged portal.
 17921 | Bailey   | Entered a bailey
 18831 | D:14     | Found a gate to the Vaults.
 19593 | D:15     | Entered Level 15 of the Dungeon
 19734 | D:15     | Found a shadowy altar of Dithmenos.
 20272 | D:15     | Noticed Rupert
 20291 | D:15     | Killed Rupert
 20417 | D:15     | Noticed Jorgrun
 20445 | D:15     | Killed Jorgrun
 20445 | D:15     | Reached XP level 15. HP: 40/134 MP: 16/16
 20675 | D:15     | Found Yghew's Gadget Boutique.
 20732 | D:15     | Reached ****** piety under Ashenzari
 20838 | D:15     | Found a staircase to the Depths.
 20860 | D:15     | Noticed a storm dragon
 21609 | Orc:1    | Entered Level 1 of the Orcish Mines
 21988 | Lair:4   | Found a hole to the Spider Nest.
 22009 | Lair:4   | Found a bloodstained altar of Trog.
 22581 | Lair:4   | Found a staircase to the Shoals.
 23891 | Lair:6   | Entered Level 6 of the Lair of Beasts
 24477 | Lair:6   | Found a viscous altar of Jiyva.
 24477 | Lair:6   | Found a staircase to the Slime Pits.
 24745 | Lair:6   | Learned a level 6 spell: Invisibility
 25076 | Lair:6   | Found a large runed translucent door.
 25077 | Lair:6   | Found a large runed translucent door.
 25213 | Lair:6   | Reached XP level 16. HP: 91/144 MP: 17/17
 25509 | Lair:1   | Identified the cursed +6 dire flail "Killer Bee's Foe"
                  | {freeze, rPois SInv} (You acquired it on level 1 of the
                  | Lair of Beasts)
 25511 | Lair:1   | Identified the cursed ring of Immorality {rPois rC+ Dex-3
                  | Stlth+} (You acquired it on level 1 of the Lair of Beasts)
 25826 | Orc:2    | Entered Level 2 of the Orcish Mines
 26162 | Orc:2    | Found a staircase to the Elven Halls.
 26237 | Orc:2    | Reached skill level 1 in Hexes
 26467 | Orc:2    | Found Ipuups's Antique Weapon Emporium.
 26467 | Orc:2    | Found Muigok's Weapon Boutique.
 26495 | Orc:2    | Found Damobuz's Gadget Boutique.
 26495 | Orc:2    | Found Guloz's Jewellery Shoppe.
 26614 | Orc:2    | Found a bloodstained altar of Trog.
 26960 | Elf:1    | Entered Level 1 of the Elven Halls
 27437 | Elf:1    | Reached skill level 10 in Stealth
 27472 | Elf:1    | Identified Lee's Tome of Earth
 27655 | Elf:2    | Identified the +1 robe "Yzagaud" {MP+9 Dex+4}
 27667 | Elf:2    | Found Syof's Food Shoppe.
 27742 | Elf:2    | Noticed a deep elf master archer
 27767 | Elf:2    | Killed a deep elf master archer
 27921 | Elf:2    | Cast into level 3 of the Abyss (a deep elf sorcerer)
 27921 | Abyss:3  | Found a corrupted altar of Lugonu.
 27971 | Elf:2    | Escaped the Abyss
 28102 | Elf:1    | Found a radiant altar of Vehumet.
 28341 | Elf:1    | Reached XP level 17. HP: 147/152 MP: 19/19
 28975 | D:13     | Killed dengdeng's ghost
 29535 | Shoals:1 | Entered Level 1 of the Shoals
 29553 | Shoals:1 | Reached skill level 5 in Evocations
 31055 | Shoals:2 | Learned a level 1 spell: Confusing Touch
 31059 | Shoals:2 | Learned a level 3 spell: Confuse
 31876 | Shoals:3 | Reached skill level 15 in Dodging
 32660 | Shoals:3 | Noticed Kirke
 32674 | Shoals:3 | Killed Kirke
 33088 | Shoals:4 | Entered Level 4 of the Shoals
 33486 | Shoals:4 | Reached XP level 18. HP: 117/161 MP: 21/21
 34131 | Shoals:4 | Identified the ring "Sotuimof" {rPois Int+2}
 34397 | Shoals:4 | Reached skill level 15 in Fighting
 34903 | Shoals:4 | Got a barnacled rune of Zot
 35445 | Spider:1 | Entered Level 1 of the Spider Nest
 36007 | Spider:2 | Noticed Donald
 36952 | Spider:2 | HP: 7/163 [redback (9)]
 36953 | Spider:2 | HP: 3/163 [redback (4)]
 37063 | Spider:2 | Cast into level 2 of the Abyss (Donald)
 37063 | Abyss:2  | Found a corrupted altar of Lugonu.
 37163 | Spider:2 | Escaped the Abyss
 37184 | Spider:2 | Killed Donald
 38278 | Spider:3 | Noticed Arachne
 38299 | Spider:3 | Killed Arachne
 38299 | Spider:3 | Reached skill level 15 in Maces & Flails
 38299 | Spider:3 | Reached XP level 19. HP: 138/172 MP: 22/22
 39106 | Spider:4 | Entered Level 4 of the Spider Nest
 39851 | Spider:4 | Reached skill level 1 in Spellcasting
 41296 | Spider:4 | Reached skill level 5 in Hexes
 41308 | Spider:4 | Got a gossamer rune of Zot
 41762 | Vaults:1 | Entered Level 1 of the Vaults
 42162 | Vaults:1 | Reached skill level 1 in Shields
 42418 | Vaults:1 | Reached XP level 20. HP: 169/181 MP: 23/23
 43477 | Vaults:1 | Found a roughly hewn altar of Beogh.
 44113 | Vaults:2 | Found Tar Nogew's Distillery.
 44121 | Vaults:2 | Bought a potion of resistance for 130 gold pieces
 44121 | Vaults:2 | Bought a potion of invisibility for 104 gold pieces
 44121 | Vaults:2 | Bought a potion of haste for 130 gold pieces
 44121 | Vaults:2 | Bought a potion of ambrosia for 104 gold pieces
 44121 | Vaults:2 | Bought a potion of invisibility for 104 gold pieces
 44306 | Vaults:2 | Cast into level 3 of the Abyss (a lich)
 44415 | Vaults:2 | Escaped the Abyss
 45910 | Vaults:3 | Paralysed by a great orb of eyes for 7 turns
 46063 | Vaults:3 | Found Daex's Book Shoppe.
 46093 | Vaults:3 | Reached XP level 21. HP: 82/192 MP: 26/26
 46113 | Vaults:3 | Found Ifepeis's Gadget Shoppe.
 46869 | Vaults:3 | Got the uncursed robe of the Abyss {rN+ MR- Regen+ MP+9}
 46873 | Vaults:3 | Found Cuhyfarch's Armour Boutique.
 47595 | Vaults:3 | Found a staircase to the Crypt.
 47802 | Vaults:3 | HP: 9/192 [fire elemental[an ironheart preserver] (3)]
 47818 | Vaults:3 | HP: 5/191 [Tzitzimitl[an ironheart preserver] (5)]
 47819 | Vaults:3 | Slain by a Brimstone Fiend

Skill      XL: |  1  2  3  4  5  6  7  8  9 10 11 12 13 14 15 16 17 18 19 20 21 |
---------------+----------------------------------------------------------------+-----
Dodging        | 3 4 5 6 7 8 9 10 12 13 14 15 16 17 | 17.5
Maces & Flails | 3 4 6 7 9 10 11 12 13 14 15 16 | 16.3
Armour         | 1 2 3 4 5 6 7 9 10 11 12 13 14 | 14.3
Stealth        | 3 4 5 6 7 8 9 10 | 10.0
Fighting       | 4 5 7 8 10 11 12 13 14 15 16 17 | 17.6
Evocations     | 1 2 4 5 6 7 |  7.2
Hexes          | 3 4 5 6 |  6.3
Spellcasting   | 2 4 |  4.3
Shields        | 1 3 4 |  4.0

Action                   |  1- 3 |  4- 6 |  7- 9 | 10-12 | 13-15 | 16-18 | 19-21 || total
-------------------------+-------+-------+-------+-------+-------+-------+-------++-------
Melee: Mace              |   134 |     1 |       |       |       |       |       ||   135
       Club              |       |   125 |   453 |  1200 |  2368 |     6 |       ||  4152
       Dire flail        |       |       |       |       |       |  1315 |       ||  1315
       Eveningstar       |       |       |       |       |       |   893 |  1908 ||  2801
Throw: Throwing net      |       |       |       |       |       |    10 |     1 ||    11
       Tomahawk          |       |       |       |       |       |     3 |       ||     3
Invok: Curse Item        |       |       |     3 |     2 |     4 |     1 |       ||    10
Evoke: Wand              |       |       |       |    19 |    46 |     7 |     2 ||    74
  Use: Potion            |       |     2 |     3 |    14 |     7 |     8 |     7 ||    41
       Scroll            |       |       |    13 |     9 |     8 |    14 |    11 ||    55
 Stab: Sleeping          |     2 |     2 |     5 |    15 |       |       |     1 ||    25
       Paralysed         |       |       |       |    27 |    16 |       |       ||    43
       Held in net/web   |       |       |       |       |       |     5 |     1 ||     6
  Eat: Chunk             |     8 |     8 |    25 |    78 |   179 |   195 |   185 ||   678
Armor: Robe              |     1 |       |       |       |       |       |       ||     1
       Ring mail         |    42 |       |       |       |       |       |       ||    42
       Plate armour      |     3 |    57 |       |       |  1231 |  1402 |   870 ||  3563
       Scale mail        |       |     9 |   153 |   434 |     4 |       |       ||   600
       Storm dragon scal |       |       |       |       |       |       |   198 ||   198
       Chain mail        |       |       |       |       |       |       |    44 ||    44
Dodge: Dodged            |   103 |    30 |   202 |   829 |  1276 |  1858 |  1571 ||  5869
       Deflected         |       |       |       |       |       |    69 |    23 ||    92
Block: Shield            |       |       |       |       |       |       |   495 ||   495
       Reflection        |       |       |       |       |       |       |    26 ||    26
